 Dungeon Crawl Stone Soup version 0.28-a0-991-g956f0ee3d5 (webtiles) character file.

Game seed: 1692386687598079864

22666 devnull the Grappler (level 12, 0/122 HPs)
             Began as a Troll Warper on Nov 26, 2021.
             Was a Follower of Ashenzari.
             Slain by a very large slime creature (35 damage)
             ... on level 12 of the Dungeon on Dec 5, 2021.
             The game lasted 01:22:27 (13163 turns).

devnull the Grappler (Troll Warper)                Turns: 13163, Time: 01:22:32

Health: 0/122      AC:  7    Str: 24    XL:     12   Next: 65%
Magic:  29/29      EV:  7    Int: 17    God:    Ashenzari [*.....]
Gold:   549        SH: 15    Dex: 12    Spells: 6/24 levels left

rFire   . . .      SeeInvis .     - Unarmed
rCold   . . .      Faith    .   D - +2 tower shield
rNeg    . . .      Spirit   .   a - +0 robe "Shackled Failure" {Evo, Alch} (curse)
rPois   .          Reflect  .   (helmet restricted)
rElec   .          Harm     .   q - +1 cloak {rCorr}
rCorr   +          Rampage  .   (gloves unavailable)
Will    .....                   (boots unavailable)
Stlth   +.........              r - amulet of the acrobat
HPRegen 1.10/turn               i - ring of Ashenzari's Moon {Int+6, Alch, Evo} (curse)
MPRegen 0.21/turn               J - ring of the Octopus King {MP+9 AC+1 EV+1 Str+1 Int+1 Dex+1}

@: no status effects
A: large, unfitting armour, claws 3, regeneration 1, shaggy fur 1, tough skin 1
a: Renounce Religion, Curse Item, Shatter the Chains


You were on level 12 of the Dungeon.
You worshipped Ashenzari.
Ashenzari was aware of your devotion.
You visited 2 branches of the dungeon, and saw 13 of its levels.
You also visited: Gauntlet.

You collected 549 gold pieces.

Inventory:

Missiles
 c - a boomerang of dispersal (quivered)
 f - 9 boomerangs
 g - 78 poisoned darts
 I - 8 silver javelins
 L - 6 atropa-tipped darts
Armour
 a - the cursed +0 robe "Shackled Failure" (worn) {Evo, Alch}

   It has a curse which improves the following skills: Evocations: Evocations.
   Alchemy:   Poison Magic and Transmutations.
 q - a +1 cloak of preservation (worn)
 D - a +2 tower shield (worn)
 H - the +0 robe "Oxyam" {MP+9 Str+3}
   (You found it on level 9 of the Dungeon)

   Str:       It affects your strength (+3).
   MP:        It affects your magic capacity (+9).
Jewellery
 i - the cursed ring of Ashenzari's Moon (left claw) {Int+6, Alch, Evo}
   (You found it on level 2 of the Dungeon)

   [ring of intelligence]

   Int:       It affects your intelligence (+6).
   It has a curse which improves the following skills: Alchemy: Poison Magic and
   Transmutations.
   Evocations: Evocations.
 r - an amulet of the acrobat (around neck)
 G - a +6 ring of intelligence
 J - a ring of the Octopus King (right claw) {MP+9 AC+1 EV+1 Str+1 Int+1 Dex+1}
   (You found it in a Gauntlet)

   [ring of magical power]

   AC:        It affects your AC (+1).
   EV:        It affects your evasion (+1).
   Str:       It affects your strength (+1).
   Int:       It affects your intelligence (+1).
   Dex:       It affects your dexterity (+1).
   MP:        It affects your magic capacity (+9).
 K - the ring of Lofucel {rF+ rN+ Int+4}
   (You found it in a Gauntlet)

   [ring of positive energy]

   Int:       It affects your intelligence (+4).
   rF:        It protects you from fire.
   rN:        It protects you from negative energy.
 N - the ring of Weprafec {rC+ Dex+4}
   (You found it on level 11 of the Dungeon)

   [ring of protection from cold]

   Dex:       It affects your dexterity (+4).
   rC:        It protects you from cold.
 O - the ring "Meqy" {Wiz +Blink rC+ rCorr}
   (You found it on level 11 of the Dungeon)

   [ring of wizardry]

   It improves your spell success rate.
   rC:        It protects you from cold.
   +Blink:    It lets you blink.
   rCorr:     It protects you from acid and corrosion.
 P - the ring "Zipi Ugu" {Wiz rElec rC+}
   (You took it off a yaktaur on level 11 of the Dungeon)

   [ring of wizardry]

   It improves your spell success rate.
   rC:        It protects you from cold.
   rElec:     It insulates you from electricity.
Wands
 p - a wand of iceblast (17)
 v - a wand of flame (9)
 E - a wand of polymorph (14)
Scrolls
 b - 3 scrolls of blinking
 e - 6 scrolls of teleportation
 j - 8 scrolls of identify
 k - 3 scrolls of vulnerability
 l - 7 scrolls of fear
 n - a scroll of brand weapon
 o - 2 scrolls of enchant armour
 s - 3 scrolls of amnesia
 t - 5 scrolls of fog
 y - a scroll of immolation
 A - a scroll of noise
Potions
 d - 2 potions of invisibility
 h - 2 potions of flight
 m - 3 potions of might
 u - 2 potions of curing
 x - 2 potions of attraction
 z - 5 potions of brilliance
 B - a potion of ambrosia
 C - a potion of lignification
 M - a potion of heal wounds
Miscellaneous
 w - a phial of floods


   Skills:
 - Level 8.9 Fighting
 + Level 5.3 Throwing
 - Level 1.9 Dodging
 + Level 4.8 Shields
 - Level 10.6 Unarmed Combat
 - Level 6.6 Spellcasting
 - Level 8.1 Translocations
 - Level 4.1(5.6) Transmutations


You had 6 spell levels left.
You knew the following spells:

 Your Spells              Type           Power      Damage    Failure   Level
a - Blink                 Tloc           66%        N/A       6%          2
b - Teleport Other        Tloc           33%        N/A       12%         3
c - Gell's Gravitas       Tloc           33%        N/A       12%         3
d - Lesser Beckoning      Tloc           33%        N/A       12%         3
e - Manifold Assault      Tloc           33%        N/A       71%         5
f - Wereblood             Tmut           24%        N/A       16%         2

Your spell library contained the following spells:

 Spells                   Type           Power      Damage    Failure   Level
 Apportation              Tloc           66%        N/A       3%          1
 Beastly Appendage        Tmut           48%        N/A       11%         1
 Sting                    Tmut/Pois      60%        1d6       32%         1
 Spider Form              Tmut/Pois      15%        N/A       69%         3
 Magic Dart               Conj           20%        1d4       73%         1
 Ignite Poison            Fire/Tmut/Pois 12%        N/A       82%         3
 Poisonous Vapours        Pois/Air       10%        N/A       83%         2
 Ensorcelled Hibernation  Hex/Ice        10%        N/A       86%         2
 Searing Ray              Conj           10%        2d4       86%         2
 Static Discharge         Conj/Air       5%         N/A       86%         2
 Blade Hands              Tmut           12%        N/A       96%         5
 Mephitic Cloud           Conj/Pois/Air  5%         N/A       97%         3
 Stone Arrow              Conj/Erth      10%        3d7       97%         3
 Animate Armour           Summ/Erth      10%        N/A       100%        4
 Fulminant Prism          Conj/Hex       2%         3d6       100%        4
 Olgreb's Toxic Radiance  Pois           6%         N/A       100%        4
 Summon Lightning Spire   Summ/Air       5%         N/A       100%        4
 Freezing Cloud           Conj/Ice/Air   2%         6-21      100%        5
 Irradiate                Conj/Tmut      7%         3d16      100%        5
 Iron Shot                Conj/Erth      2%         9d2       100%        6
 Storm Form               Tmut/Air       7%         N/A       100%        7
 Lehudib's Crystal Spear  Conj/Erth      2%         10d2      100%        8
 Maxwell's Capacitive Co  Air            2%         ∞         100%        8
 Dragon's Call            Summ           2%         N/A       100%        9


Dungeon Overview and Level Annotations

Branches:
Dungeon (12/15)            Temple (1/1) D:5            Lair (0/6) D:8
    Orc (0/2) D:12        Gauntlet (visited)

Altars:
Ashenzari
Cheibriados
Dithmenos
Elyvilon
Fedhas
Gozag
Hepliaklqana
Kikubaaqudgha
Makhleb
Nemelex Xobeh
Okawaru
Qazlal
Ru
Sif Muna
Trog
Uskayaw
Vehumet
Wu Jian
Xom
Yredelemnul
Zin
The Shining One

Annotations:
D:7 vault good scroll, BeingJoeMalik's ghost, novice TeFi
D:8 exclusion: ice statue
D:11 3 runed translucent doors
D:12 Frances


Innate Abilities, Weirdness & Mutations

You are too large for most types of armour.
You have claws for hands.
Your natural rate of healing is unusually fast.
You are covered in fur. (AC +1)
You have tough skin. (AC +1)


Message History

You start resting.
A boulder beetle is nearby!
The boulder beetle misses you.
You claw the boulder beetle!
The boulder beetle is severely wounded.
You block the boulder beetle's attack. The boulder beetle bites you!!
You mangle the boulder beetle!!
You kill the boulder beetle!
HP restored.
As you open the door, it creaks loudly!
There is an open door here.
You open the door.
There is an open door here. 2 slime creatures come into view.
The slime creature quivers.
A slime creature comes into view.
A slime creature comes into view.
The slime creature quivers.
The slime creature hits you but does no damage. 2 slime creatures come into view.
The slime creature quivers. x2
You block the slime creature's attack. The slime creature misses you.
You block the slime creature's attack. The slime creature barely misses you.
You block the slime creature's attack. x3
You scratch the slime creature but do no damage.
The slime creature hits you but does no damage.
You block the slime creature's attack. The slime creature hits you.
The slime creature hits you! x2
Two slime creatures merge to form a large slime creature.
You claw the slime creature!
The slime creature is lightly wounded.
Two slime creatures merge to form a very large slime creature.
The slime creature hits you! You block the slime creature's attack.
You mangle the slime creature!!
The slime creature is heavily wounded.
You block the very large slime creature's attack.
You block the slime creature's attack. The slime creature hits you! x3
* * * LOW HITPOINT WARNING * * *
The very large slime creature hits you!!
You die...

#########################
.........................
........###..............
........# #.....###......
....#...# #.....@J.......
....#...###....JJJ.......
....#....................
.........................
#####'################...
####...#.............# ..
...#...'.............# #
...#...#.............#
...#...#.............#


You could see a very large slime creature and 3 slime creatures.

Vanquished Creatures
  A minotaur (Gauntlet)
  A boulder beetle (D:12)
  2 two-headed ogres
  A centaur warrior (D:11)
  2 cyclopes (D:11)
  A manticore (D:11)
  A worldbinder (Gauntlet)
  2 centaur zombies
  Joseph (D:8)
  A torpor snail (Gauntlet)
  A gargoyle (D:11)
  A yaktaur (D:11)
  A minotaur zombie (Gauntlet)
  2 trolls
  3 meliai (Gauntlet)
  A slime creature (shapeshifter) (D:11)
  2 shadows (D:12)
  A wyvern (shapeshifter) (D:11)
  A vampire (D:10)
  11 yaks
  A warg (D:8)
  A two-headed ogre zombie (D:12)
  4 water moccasins
  Duvessa (D:6)
  3 acid dragons
  6 orc warriors
  A necrophage (D:6)
  2 ice beasts
  2 black bears
  A hornet zombie (D:7)
  A sky beast (D:6)
  A boggart (Gauntlet)
  4 centaurs
  2 phantoms
  2 kobold brigands
  2 gnoll sergeants
  A scorpion (D:6)
  A wyvern zombie (D:4)
  Dowan (D:6)
  A troll zombie (D:12)
  4 wights
  3 killer bees
  5 howler monkeys
  4 jellies
  7 orc priests
  2 bullfrog skeletons
  2 hounds
  Crazy Yiuf (D:3)
  A centaur skeleton (D:4)
  4 iguanas
  13 orc wizards
  Natasha (twice) (D:3)
  A scorpion zombie (D:5)
  A statue (D:11)
  5 ogre zombies (D:12)
  A howler monkey zombie (D:7)
  9 gnolls
  A howler monkey skeleton (D:7)
  6 adders
  A white imp (D:7)
  2 ufetubi (D:6)
  23 orcs
  6 ball pythons
  9 endoplasms
  2 giant cockroaches
  4 hobgoblins
  6 jackals
  15 kobolds
  6 quokkas
  4 bats
  3 frilled lizards
  4 goblins
  2 goblin skeletons (D:12)
  3 goblin zombies (D:12)
  2 hobgoblin skeletons (D:12)
  4 orc skeletons (D:12)
  14 orc zombies (D:12)
  5 rats
262 creatures vanquished.

Vanquished Creatures (others)
  A boggart (Gauntlet)
  6 fungi (Gauntlet)
  8 plants (Gauntlet)
15 creatures vanquished.

Grand Total: 277 creatures vanquished

Notes
Turn   | Place    | Note
-------+----------+-------------------------------------------
     0 | D:1      | devnull the Troll Warper began the quest for the Orb.
     0 | D:1      | Reached XP level 1. HP: 19/19 MP: 1/1
    61 | D:1      | Reached skill level 1 in Throwing
    61 | D:1      | Reached XP level 2. HP: 23/28 MP: 3/3
   392 | D:1      | Reached XP level 3. HP: 35/35 MP: 4/4
   699 | D:2      | Learned a level 2 spell: Blink
   915 | D:2      | Found a stormy altar of Qazlal.
  1498 | D:3      | Reached XP level 4. HP: 37/42 MP: 5/5
  1531 | D:3      | Found a runed translucent door.
  1532 | D:3      | Noticed Crazy Yiuf
  1977 | D:3      | Found a faded altar of an unknown god.
  2252 | D:4      | Noticed a black bear
  2252 | D:4      | Noticed a phantom
  2302 | D:3      | Reached skill level 3 in Unarmed Combat
  2302 | D:3      | Reached XP level 5. HP: 37/50 MP: 6/6
  2365 | D:3      | Killed a phantom
  2529 | D:4      | Noticed Natasha
  2567 | D:3      | Killed Natasha
  2583 | D:4      | Learned a level 3 spell: Teleport Other
  2604 | D:4      | Reached XP level 6. HP: 51/59 MP: 8/8
  2689 | D:4      | Found a bloodstained altar of Trog.
  2723 | D:4      | Reached skill level 4 in Unarmed Combat
  3470 | D:4      | Identified the +5 great sword of the Cup {holy, Fragile
                  | Int+4 Dex+2 SInv}
  3518 | D:5      | Entered Level 5 of the Dungeon
  3545 | D:4      | Reached XP level 7. HP: 32/67 MP: 9/9
  3729 | D:5      | Found a sparkling altar of Nemelex Xobeh.
  3779 | D:5      | Found a staircase to the Ecumenical Temple.
  3862 | D:5      | Learned a level 3 spell: Gell's Gravitas
  4097 | Temple   | Entered the Ecumenical Temple
  4212 | Temple   | Became a worshipper of Ashenzari the Shackled
  4223 | D:5      | Upgraded the game from 0.28-a0-919-g0b5b508569 to
                  | 0.28-a0-991-g956f0ee3d5
  4290 | D:6      | Noticed Duvessa
  4291 | D:6      | Noticed Dowan
  4581 | D:6      | Killed Duvessa
  4582 | D:6      | Reached skill level 5 in Unarmed Combat
  4582 | D:6      | Reached XP level 8. HP: 55/76 MP: 11/11
  4591 | D:6      | Killed Dowan
  4655 | D:6      | Reached skill level 8 in Unarmed Combat
  4655 | D:6      | Reached skill level 5 in Spellcasting
  4655 | D:6      | Reached XP level 9. HP: 92/92 MP: 11/15
  4656 | D:6      | Reached skill level 9 in Unarmed Combat
  4656 | D:6      | Reached XP level 10. HP: 104/104 MP: 11/17
  4657 | D:6      | Reached skill level 10 in Unarmed Combat
  4657 | D:6      | Reached XP level 11. HP: 113/113 MP: 11/19
  4662 | D:6      | Learned a level 3 spell: Lesser Beckoning
  4668 | D:6      | Learned a level 5 spell: Manifold Assault
  5320 | D:6      | Learned a level 2 spell: Wereblood
  5724 | D:7      | Found a transporter.
  5766 | D:7      | Noticed BeingJoeMalik's ghost (novice TeFi)
  5774 | D:7      | Noticed a deep elf pyromancer
  5898 | D:7      | Found a transporter.
  5959 | D:7      | Found a radiant altar of Vehumet.
  6331 | D:8      | Reached skill level 1 in Transmutations
  6348 | D:8      | Reached * piety under Ashenzari
  6374 | D:8      | Found a burning altar of Makhleb.
  6410 | D:6      | Identified the +7 chain mail of Liox {Rampage rElec rN+
                  | Str-5}
  6523 | D:3      | Noticed Natasha
  6527 | D:3      | Killed Natasha
  6571 | D:3      | Killed Crazy Yiuf
  6747 | D:8      | Noticed Joseph
  6872 | D:8      | Killed Joseph
  6928 | D:8      | Found a staircase to the Lair.
  7247 | D:8      | Noticed Maurice
  7250 | D:8      | Noticed Maurice
  7250 | D:8      | Maurice changed into Maurice the warg
  7256 | D:8      | Killed Maurice the warg
  7613 | D:9      | Reached skill level 1 in Shields
  7695 | D:9      | Identified Buah's Tome of Shifting Lightness
  7943 | D:9      | Identified the +0 robe "Oxyam" {MP+9 Str+3}
  7993 | D:9      | Reached ** piety under Ashenzari
  8160 | D:10     | Entered Level 10 of the Dungeon
  8559 | D:10     | Noticed a two-headed ogre
  8594 | D:10     | Killed a two-headed ogre
  9164 | D:11     | Found a gate leading to a gauntlet.
  9171 | Gauntlet | Entered a Gauntlet
  9171 | Gauntlet | Found a transporter.
  9171 | Gauntlet | Found a large runed translucent door.
  9171 | Gauntlet | Found a large runed translucent door.
  9171 | Gauntlet | Found a large runed translucent door.
  9171 | Gauntlet | Found a large runed translucent door.
  9171 | Gauntlet | Found a runed translucent door.
  9171 | Gauntlet | Found a runed translucent door.
  9171 | Gauntlet | Found a large runed translucent door.
  9171 | Gauntlet | Found a large runed translucent door.
  9171 | Gauntlet | Found a large runed translucent door.
  9171 | Gauntlet | Found a large runed translucent door.
  9171 | Gauntlet | Found a large runed translucent door.
  9171 | Gauntlet | Found a large runed translucent door.
  9172 | Gauntlet | Found a large runed translucent door.
  9172 | Gauntlet | Found a large runed translucent door.
  9180 | Gauntlet | Found a transporter.
  9195 | Gauntlet | Found a transporter.
  9197 | Gauntlet | Identified the ring of Lofucel {rF+ rN+ Int+4}
  9198 | Gauntlet | Found the ring of the Octopus King {MP+9 AC+1 EV+1 Str+1
                  | Int+1 Dex+1}
  9198 | Gauntlet | Found the ring of the Octopus King {MP+9 AC+1 EV+1 Str+1
                  | Int+1 Dex+1}
  9200 | Gauntlet | Found a transporter.
  9215 | Gauntlet | Found a transporter.
  9234 | Gauntlet | Found a transporter.
  9237 | Gauntlet | Noticed a stone giant
  9239 | Gauntlet | Noticed an alligator snapping turtle
  9239 | Gauntlet | a stone giant changed into an alligator snapping turtle
  9246 | Gauntlet | Found a transporter.
  9247 | Gauntlet | Noticed a blizzard demon
  9247 | Gauntlet | Noticed a frost giant
  9247 | Gauntlet | an alligator snapping turtle changed into a frost giant
  9250 | Gauntlet | Noticed an alligator snapping turtle
  9250 | Gauntlet | a frost giant changed into an alligator snapping turtle
  9258 | Gauntlet | Found a transporter.
  9259 | Gauntlet | Identified the +0 hat of the Gate {rC- Str+8}
  9264 | Gauntlet | Found a transporter.
  9264 | Gauntlet | Found a transporter.
  9279 | Gauntlet | Found a transporter.
  9280 | Gauntlet | Identified the amulet "Bulaq" {Faith Str+4}
  9282 | Gauntlet | Noticed a dire elephant
  9285 | Gauntlet | Found a transporter.
  9300 | Gauntlet | Found a transporter.
  9321 | Gauntlet | Found a transporter.
  9325 | Gauntlet | Noticed a blizzard demon
  9336 | Gauntlet | Found a transporter.
  9339 | Gauntlet | Identified the +4 hat of Birdsong {rN+}
  9348 | Gauntlet | Noticed a wizard
  9354 | Gauntlet | Found a large runed translucent door.
  9355 | Gauntlet | Found a large runed translucent door.
  9359 | Gauntlet | Found a runed translucent gate.
  9359 | Gauntlet | Found a runed translucent gate.
  9359 | Gauntlet | Found a runed translucent gate.
  9361 | Gauntlet | Found a transporter.
  9363 | Gauntlet | Found a transporter.
  9369 | Gauntlet | Found a large runed translucent door.
  9370 | Gauntlet | Found a large runed translucent door.
  9383 | Gauntlet | Found a transporter.
  9448 | Gauntlet | Noticed an alligator
  9448 | Gauntlet | Noticed a satyr
  9448 | Gauntlet | an alligator changed into a satyr
  9450 | Gauntlet | Noticed a ghost moth
  9450 | Gauntlet | a satyr changed into a ghost moth
  9455 | Gauntlet | Noticed an entropy weaver
  9455 | Gauntlet | a ghost moth changed into an entropy weaver
  9458 | Gauntlet | Noticed a satyr
  9458 | Gauntlet | an entropy weaver changed into a satyr
  9463 | Gauntlet | a satyr changed into a snapping turtle
  9471 | Gauntlet | Noticed an ettin
  9471 | Gauntlet | a snapping turtle changed into an ettin
  9473 | Gauntlet | Noticed an ice dragon
  9473 | Gauntlet | an ettin changed into an ice dragon
  9479 | Gauntlet | Noticed an anaconda
  9479 | Gauntlet | an ice dragon changed into an anaconda
  9509 | Gauntlet | Noticed a mana viper
  9809 | Gauntlet | Noticed a goliath frog
  9812 | Gauntlet | Noticed a bog body
  9812 | Gauntlet | Noticed a goliath frog
  9818 | Gauntlet | Reached XP level 12. HP: 95/122 MP: 16/20
  9840 | Gauntlet | Noticed a fire dragon
  9840 | Gauntlet | a slime creature changed into a fire dragon
  9844 | Gauntlet | Noticed an entropy weaver
  9844 | Gauntlet | a fire dragon changed into an entropy weaver
  9952 | Gauntlet | Noticed a satyr
  9965 | Gauntlet | Noticed an ice dragon
  9965 | Gauntlet | a goliath frog changed into an ice dragon
  9967 | Gauntlet | Noticed a bunyip
  9967 | Gauntlet | an ice dragon changed into a bunyip
  9968 | Gauntlet | a bunyip changed into a wolf spider
  9983 | Gauntlet | Noticed a two-headed ogre
  9983 | Gauntlet | a sea snake changed into a two-headed ogre
  9984 | Gauntlet | Noticed a spark wasp
  9984 | Gauntlet | a satyr changed into a spark wasp
  9986 | Gauntlet | Noticed a seven-headed hydra
  9986 | Gauntlet | a spark wasp changed into a seven-headed hydra
  9988 | Gauntlet | Noticed a two-headed ogre
  9988 | Gauntlet | a swamp dragon changed into a two-headed ogre
 10001 | Gauntlet | a two-headed ogre changed into a floating eye
 10029 | Gauntlet | Noticed a bunyip
 10061 | Gauntlet | Identified the Papyrus of the Quantum Entourage
 10061 | Gauntlet | Identified the +8 battleaxe of Truncation {freeze, rN+
                  | Will+ SInv}
 10061 | Gauntlet | Noticed a minotaur
 10072 | Gauntlet | Killed a minotaur
 10201 | D:11     | Found a runed translucent door.
 10258 | D:11     | Noticed a two-headed ogre
 10282 | D:11     | Killed a two-headed ogre
 10541 | D:11     | Found a runed translucent door.
 10542 | D:11     | Noticed a two-headed ogre
 10543 | D:11     | Found a runed translucent door.
 10551 | D:11     | Identified the ring of Weprafec {rC+ Dex+4}
 10554 | D:11     | Noticed a centaur warrior
 10807 | D:11     | Identified the ring of Avid {rElec rPois AC+4 Dex-3}
 10807 | D:11     | Noticed a death knight
 10813 | D:11     | Identified the ring "Zipi Ugu" {Wiz rElec rC+}
 11489 | D:11     | Killed a centaur warrior
 11739 | D:11     | Identified the ring "Meqy" {Wiz +Blink rC+ rCorr}
 11879 | D:11     | Found a radiant altar of Vehumet.
 12298 | D:11     | Noticed an ettin
 12347 | D:11     | Noticed a great orb of eyes
 12349 | D:11     | a great orb of eyes changed into a slime creature
 12434 | D:12     | Noticed Frances
 12441 | D:12     | Noticed a six-headed hydra
 12642 | D:12     | Reached skill level 5 in Throwing
 12714 | D:12     | Found a staircase to the Orcish Mines.
 13059 | D:12     | Noticed a boulder beetle
 13092 | D:12     | Killed a boulder beetle
 13163 | D:12     | Slain by a very large slime creature

Illustrated notes

Levels and vault maps discovered:
D:1:      wander_arrival_desolate, layout_basic, minivault_27,
          kennysheep_small_spiral, minmay_misc_feat_rugged
D:2:      layout_basic, basic_altar, minmay_misc_feat_roman,
          hangedman_abyss_or_decor_stabs
D:3:      layout_basic, basic_ecumenical_altar, st_stairs_10,
          chequers_serial_rivers_small_3, minmay_stone_trees_medium,
          uniq_crazy_yiuf_cottage
D:4:      layout_layer_cave, trog_three_pillars_becter, uniq_natasha
D:5:      layout_rooms, mainiacjoe_overflow_24_doors, minmay_temple_entry_glass
D:6:      layout_gridville, kennysheep_generic_room_7, uniq_duvessa
D:7:      layout_basic, mainiacjoe_overflow_surrounded_room,
          gammafunk_ghost_arena
D:8:      lemuel_ice_statue, layout_cave_pools,
          mainiacjoe_overflow_cross_hatched, minmay_misc_feat_iff,
          minmay_misc_feat_plants, chequers_jeans,
          chequers_serial_rivers_large_b, uniq_maurice, uniq_joseph
D:9:      layout_roguey, chequers_serial_rivers_small_a
D:10:     layout_basic, roderic_lattice_a
D:11:     minmay_the_grid_triangle_9x9_recursive_2
          [minmay_the_grid_triangle_9x9_prize_special,
          minmay_the_grid_triangle_9x9_pentomino_pain,
          minmay_the_grid_triangle_9x9_zippers_horizontal,
          minmay_the_grid_triangle_9x9_fully_insulated_deathbox],
          layout_long_grid, gauntlet_entry_generic, vehumet_statue
D:12:     layout_stronghold, zombieorc2_lemuel, minivault_23, uniq_frances,
          uniq_snorg
Temple:   mainiacjoe_temple_coin_purse

Skill      XL: |  1  2  3  4  5  6  7  8  9 10 11 12 |
---------------+-------------------------------------+-----
Throwing       | 1 3 5 |  5.3
Fighting       | 2 3 4 6 7 8 |  8.9
Unarmed Combat | 3 4 5 8 9 10 | 10.6
Spellcasting   | 2 3 5 6 |  6.6
Translocations | 3 4 6 7 8 |  8.1
Transmutations | 2 4 |  4.1
Shields        | 2 4 |  4.8
Dodging        | |  1.9

Action                   |  1- 3 |  4- 6 |  7- 9 | 10-12 || total
-------------------------+-------+-------+-------+-------++-------
Melee: Unarmed           |   110 |   105 |   100 |   594 ||   909
       Punch             |       |     2 |     1 |    20 ||    23
Throw: Boomerang         |       |     4 |       |     5 ||     9
       Dart              |       |       |       |    11 ||    11
 Cast: Blink             |       |       |     2 |       ||     2
       Gell's Gravitas   |       |       |       |     2 ||     2
       Teleport Other    |       |       |       |     7 ||     7
       Wereblood         |       |       |       |     2 ||     2
Invok: Curse Item        |       |       |       |     3 ||     3
       Shatter the Chain |       |       |       |     1 ||     1
Evoke: Wand              |       |       |     5 |    13 ||    18
  Use: Scroll            |       |       |     2 |     5 ||     7
       Potion            |       |       |     2 |     5 ||     7
 Stab: Sleeping          |     2 |       |       |       ||     2
       Distracted        |       |       |       |     1 ||     1
       Paralysed         |       |       |       |     1 ||     1
Armor: Robe              |    33 |    41 |    18 |   154 ||   246
Dodge: Dodged            |    48 |    44 |    43 |   322 ||   457
Block: Tower shield      |       |       |       |   241 ||   241

Table legend: (Time is in decaauts)
 A = Elapsed time spent in this place.
 B = Non-inter-level travel time spent in this place.
 C = Inter-level travel time spent in this place.
 D = Time resting spent in this place.
 E = Time spent auto-exploring this place.
 F = Levels seen in this place.
 G = Mean time per level.
                   A        B        C        D        E       F      G
               +--------+--------+--------+--------+--------+-----+--------+
         Total |  13223 |  12114 |   1109 |   1121 |   7544 |  14 |  944.5 |
       Dungeon |  12091 |  11008 |   1083 |    971 |   7079 |  12 | 1007.6 |
        Temple |    124 |     98 |     26 |      0 |     84 |   1 |  124.0 |
      Gauntlet |   1008 |   1008 |      0 |    150 |    381 |   1 | 1008.0 |
               +--------+--------+--------+--------+--------+-----+--------+

Top non-repeatable levels by time:
    D:10: 1569 daAuts
    D:11: 1449 daAuts
     D:3: 1271 daAuts
     D:6: 1144 daAuts
     D:4: 1050 daAuts
Gauntlet: 1008 daAuts
     D:9: 992 daAuts
     D:7: 880 daAuts
     D:8: 819 daAuts
     D:5: 785 daAuts
     D:2: 769 daAuts
     D:1: 690 daAuts
    D:12: 668 daAuts
  Temple: 124 daAuts
